 Dungeon Crawl Stone Soup version 0.28-a0-1638-g9123634e07 (webtiles) character file.

Game seed: 2627728458929060807

413 issech the Cudgeller (level 6, -6/61 HPs)
             Began as a Troll Monk on Jan 25, 2022.
             Killed from afar by Dowan (17 damage)
             ... with a stone arrow
             ... on level 4 of the Dungeon.
             The game lasted 00:13:07 (2815 turns).

issech the Cudgeller (Troll Monk)                   Turns: 2815, Time: 00:13:08

Health: -6/61      AC:  5    Str: 20    XL:     6   Next: 59%
Magic:  5/5        EV: 11    Int:  6    God:
Gold:   135        SH:  0    Dex: 14    Spells: 5/5 levels left

rFire   . . .      SeeInvis .   A - +0 great mace
rCold   . . .      Faith    .   (shield currently unavailable)
rNeg    + . .      Spirit   .   b - +0 robe
rPois   .          Reflect  .   (helmet restricted)
rElec   .          Harm     .   g - +0 cloak
rCorr   .          Rampage  .   (gloves unavailable)
Will    .....                   (boots unavailable)
Stlth   ++........              (no amulet)
HPRegen 1.00/turn               n - ring of positive energy
MPRegen 0.09/turn               (no ring)

@: no status effects
A: large, unfitting armour, claws 3, regeneration 1, shaggy fur 1, tough skin 1
a: no special abilities


You were on level 4 of the Dungeon.
You visited 1 branch of the dungeon, and saw 4 of its levels.

You collected 135 gold pieces.

Inventory:

Hand Weapons
 a - a +0 mace
 d - a +3 hunting sling
 m - a +0 spear of venom
 v - a +2 dagger of protection
 A - a +0 great mace (weapon)
Missiles
 l - 114 stones (quivered)
 p - 14 arrows
 q - 3 poisoned darts
Armour
 b - a +0 robe (worn)
 g - a +0 cloak (worn)
 j - a +2 chain mail of cold resistance
 u - a +0 animal skin
Magical Staves
 y - a staff of poison
Jewellery
 n - a ring of positive energy (left claw)
Scrolls
 c - a scroll of blinking {unknown}
 f - a scroll of holy word
 i - a scroll of vulnerability
 k - a scroll of noise {unknown}
 r - a scroll of amnesia {unknown}
 t - 2 scrolls of magic mapping {unknown}
Potions
 e - 4 potions of heal wounds
 h - 2 potions of brilliance {unknown}
 o - 2 potions of degeneration {unknown}
 s - a potion of might {unknown}
 w - a potion of lignification {unknown}
 x - 2 potions of mutation {unknown}
 z - a potion of haste {unknown}


   Skills:
 + Level 3.4 Fighting
 + Level 5.1 Maces & Flails
 + Level 3.6 Dodging
 + Level 1.5 Stealth


You had 5 spell levels left.
You didn't know any spells.
Your spell library contained the following spells:

 Spells                   Type           Power      Damage    Failure   Level
 Animate Skeleton         Necr           0%         N/A       45%         1
 Apportation              Tloc           0%         N/A       45%         1
 Pain                     Necr           0%         1d4       45%         1
 Summon Small Mammal      Summ           0%         N/A       45%         1
 Static Discharge         Conj/Air       0%         N/A       58%         2
 Confusing Touch          Hex            0%         N/A       83%         3
 Vampiric Draining        Necr           0%         2d6       83%         3
 Lightning Bolt           Conj/Air       0%         1d11      100%        5
 Yara's Violent Unravell  Hex/Tmut       0%         3d3       100%        5
 Enfeeble                 Hex            0%         N/A       100%        7
 Maxwell's Capacitive Co  Air            0%         ∞         100%        8


Dungeon Overview and Level Annotations

Branches:
Dungeon (4/15)
 Temple: D:4-7

Altars:
Dithmenos
Uskayaw
Wu Jian

Shops:
D:3 =   D:4 !

Annotations:
D:4 Dowan


Innate Abilities, Weirdness & Mutations

You are too large for most types of armour.
You have claws for hands.
Your natural rate of healing is unusually fast.
You are covered in fur. (AC +1)
You have tough skin. (AC +1)


Message History

Dowan says, "Her death will not be in vain!"
You hit the iguana but do no damage.
The iguana is severely wounded.
Dowan mumbles some strange words.
Dowan blinks!
The iguana barely misses you.
You closely miss the iguana.
The iguana is severely wounded.
The iguana closely misses you. The iguana barely misses you.
You closely miss the iguana.
The iguana is severely wounded.
The iguana bites you.
You barely miss the iguana.
The iguana is severely wounded.
Dowan gestures wildly while chanting.
Dowan blinks!
The iguana barely misses you. The iguana bites you!
You barely miss the iguana.
The iguana is severely wounded.
The iguana completely misses you.
You sock the iguana!
You kill the iguana!
Dowan casts a spell.
Dowan blinks!
Dowan barely misses you.
You see here an iguana corpse.
You barely miss Dowan.
Dowan is heavily wounded.
Dowan closely misses you. Dowan hits you with a +0 dagger.
You miss Dowan.
Dowan is heavily wounded.
Dowan hits you with a +0 dagger. x2
* * * LOW HITPOINT WARNING * * *
Dowan hits you with a +0 dagger.
* * * LOW HITPOINT WARNING * * *
You hit Dowan but do no damage.
Dowan is heavily wounded.
Dowan hits you with a +0 dagger.
* * * LOW HITPOINT WARNING * * *
Dowan points at you and mumbles some strange words.
The stone arrow hits you!
You die...

##..................#
....................#
....................#
.).........^........#
...................##
......#...[.......##
.................##
...§≈≈≈≈.§≈≈§§≈≈.#
...≈.....§(...S≈@#
...≈.§§≈≈≈.§≈≈.§e#
...≈§§§..≈.§_≈.§.#
...≈§≈§§.≈.§.§§§.#
#..§.≈§≈.§...§.§.#
#..≈.≈≈§.≈≈≈≈≈§≈.#
#..≈..§§ §§....≈.#
...§§§ §.≈≈≈≈≈.##
.#.. .........#


You could see Dowan (fast) and a ball python.

Vanquished Creatures
  Duvessa (D:4)
  A phantom (D:3)
  An iguana (D:4)
  2 orc wizards (D:3)
  Robin (D:3)
  4 gnolls (D:4)
  3 adders
  An adder skeleton (D:3)
  A dart slug (D:3)
  6 orcs
  4 bats
  8 endoplasms
  2 giant cockroaches (D:2)
  12 goblins
  9 hobgoblins
  4 jackals
  4 quokkas
  7 ball pythons
  2 frilled lizards (D:2)
  A jackal skeleton (D:4)
  5 kobolds
  3 rats
82 creatures vanquished.

Notes
Turn   | Place    | Note
-------+----------+-------------------------------------------
     0 | D:1      | issech the Troll Monk began the quest for the Orb.
     0 | D:1      | Reached XP level 1. HP: 22/22 MP: 0/0
   222 | D:1      | Reached XP level 2. HP: 29/29 MP: 1/1
   411 | D:1      | Found a faded altar of an unknown god.
   650 | D:2      | Reached skill level 3 in Maces & Flails
   791 | D:2      | Reached XP level 3. HP: 36/36 MP: 2/2
  1337 | D:3      | Noticed a phantom
  1368 | D:3      | Killed a phantom
  1369 | D:3      | Reached XP level 4. HP: 29/45 MP: 3/3
  1550 | D:3      | Reached XP level 5. HP: 53/53 MP: 4/4
  1553 | D:3      | Found an ornate altar of the Wu Jian Council.
  1632 | D:3      | Noticed Robin
  1650 | D:3      | Killed Robin
  1651 | D:3      | Reached skill level 4 in Maces & Flails
  1960 | D:3      | Found Kaikleuc's Jewellery Shoppe.
  2488 | D:4      | Found Bamn's Distillery.
  2671 | D:4      | Reached XP level 6. HP: 52/61 MP: 5/5
  2712 | D:4      | Found a hide-covered altar of Uskayaw.
  2752 | D:4      | Found a shadowy altar of Dithmenos.
  2772 | D:4      | Noticed Duvessa
  2778 | D:4      | Noticed Dowan
  2781 | D:4      | Killed Duvessa
  2782 | D:4      | Reached skill level 5 in Maces & Flails
  2815 | D:4      | Killed from afar by Dowan

Illustrated notes

Levels and vault maps discovered:
D:1:      onia_arrival_pyramid, layout_rooms, serial_glass, glass_columns_a,
          glass_columns_c, feat_on_display, minmay_strange_pillars,
          feat_on_display, basic_ecumenical_altar, minmay_tiny_reverse_x
D:2:      minmay_chambers_of_ones, layout_rooms, serial_curves, eino_curves_01,
          eino_curves_04, eino_curves_02
D:3:      layout_loops_corners, nzn_wu_jian_council_hall, serial_shops,
          nicolae_shop_trees, kennysheep_doodads, uniq_robin
D:4:      layout_rooms, mainiacjoe_overflow_catwalk_spiral, serial_shops,
          nicolae_shop_competitors_out_of_business, uniq_duvessa,
          uniq_crazy_yiuf_cottage

Skill      XL: |  1  2  3  4  5  6 |
---------------+-------------------+-----
Maces & Flails | 3 4 5 |  5.1
Fighting       | 3 |  3.4
Dodging        | 3 |  3.6
Stealth        | |  1.5

Action                   |  1- 3 |  4- 6 || total
-------------------------+-------+-------++-------
Melee: Mace              |   137 |   153 ||   290
       Punch             |     1 |     5 ||     6
       Great mace        |       |    36 ||    36
  Use: Scroll            |       |     3 ||     3
 Stab: Sleeping          |     2 |     2 ||     4
Armor: Robe              |    71 |    64 ||   135
Dodge: Dodged            |    95 |   116 ||   211

Table legend: (Time is in decaauts)
 A = Elapsed time spent in this place.
 B = Non-inter-level travel time spent in this place.
 C = Inter-level travel time spent in this place.
 D = Time resting spent in this place.
 E = Time spent auto-exploring this place.
 F = Levels seen in this place.
 G = Mean time per level.
                   A        B        C        D        E       F      G
               +--------+--------+--------+--------+--------+-----+--------+
         Total |   2893 |   2841 |     52 |      0 |   1038 |   4 |  723.2 |
       Dungeon |   2893 |   2841 |     52 |      0 |   1038 |   4 |  723.2 |
               +--------+--------+--------+--------+--------+-----+--------+

Top non-repeatable levels by time:
     D:3: 1202 daAuts
     D:2: 722 daAuts
     D:1: 609 daAuts
     D:4: 358 daAuts
